 Dungeon Crawl Stone Soup version 0.22-a0-351-g29664b4 (webtiles) character file.

17824 iamserjio the Nimble (level 12, -2/85 HPs)
             Began as an Octopode Fighter on Apr 13, 2018.
             Was the Champion of Cheibriados.
             Slain by a white ugly thing (19 damage)
             ... on level 12 of the Dungeon.
             The game lasted 01:10:04 (13678 turns).

iamserjio the Nimble (Octopode Fighter)            Turns: 13678, Time: 01:10:05

Health: -2/85      AC:  1    Str: 38    XL:     12   Next: 52%
Magic:  18/18      EV: 26    Int: 26    God:    Cheibriados [******]
Gold:   420        SH: 15    Dex: 34    Spells: 10/13 levels left

rFire    . . .     SeeInvis +   w - +3 war axe (chop)
rCold    . . .     Gourm    +   b - +0 shield
rNeg     . . .     Faith    .   (helmet restricted)
rPois    .         Spirit   .   S - amulet "Nonucame" {Gourm Str+4 Int-4 Dex+6}
rElec    .         Reflect  .   k - +5 ring of intelligence
rCorr    .         Harm     .   G - ring of protection from magic
MR       +....                  F - ring of see invisible
Stlth    ++++++....             (no ring)
HPRegen  0.24/turn              (no ring)
MPRegen  0.16/turn              (no ring)
                                (no ring)
                                (no ring)

@: very slow
A: almost no armour, stealthy swim, amphibious, 8 rings, constrict 8, camouflage
1, gelatinous body 1
a: Bend Time, Temporal Distortion, Slouch, Step From Time, Renounce Religion


You were on level 12 of the Dungeon.
You worshipped Cheibriados.
Cheibriados was exalted by your worship.
You were very full.

You visited 1 branch of the dungeon, and saw 13 of its levels.

You collected 618 gold pieces.
You spent 198 gold pieces at shops.

Inventory:

Hand Weapons
 e - a +2 hand axe of flaming
 i - a +4 war axe
 v - a +7 hand axe of chopping
 w - a +3 war axe of chopping (weapon)
 B - the +3 quarterstaff "Koog" {crush, rC- Str+4 Int+6, unknown}
   (You found it on level 10 of the Dungeon)

   It inflicts extra damage upon your enemies.
   It affects your strength (+4).
   It affects your intelligence (+6).
   It makes you vulnerable to cold.
 C - a +0 whip of freezing
 J - a +2 war axe of venom
 M - the +0 rapier "Juam" {holy, +Inv rF- Int+5}
   (You took it off a kobold on level 11 of the Dungeon)

   It has been blessed by the Shining One to cause great damage to the undead
   and demons.
   It affects your intelligence (+5).
   It makes you vulnerable to fire.
   It lets you turn invisible.
Missiles
 q - 252 stones (quivered)
 s - 23 arrows
 Q - 7 poisoned javelins
Armour
 b - a +0 shield (worn)
 p - a +2 buckler
Jewellery
 a - an uncursed amulet of the acrobat
 k - a +5 ring of intelligence (left tentacle)
 F - a ring of see invisible (on tentacle)
 G - a ring of protection from magic (right tentacle)
 S - the amulet "Nonucame" (around mantle) {Gourm Str+4 Int-4 Dex+6}
   (You took it off a kobold on level 12 of the Dungeon)

   [amulet of the gourmand]

   It allows you to eat raw meat even when not hungry.
   It affects your strength (+4).
   It affects your intelligence (-4).
   It affects your dexterity (+6).
Wands
 o - a wand of polymorph (12)
 y - a wand of clouds (5)
 z - a wand of iceblast (26)
 E - a wand of flame (18)
 H - a wand of paralysis (21)
 I - a wand of digging (34)
Scrolls
 g - 5 scrolls of immolation
 n - 4 scrolls of fear
 t - 3 scrolls of remove curse
 x - a scroll of vulnerability
 A - a scroll of acquirement {unknown}
 L - a scroll of magic mapping
 N - a scroll of torment
 R - a scroll of blinking
 T - a scroll of amnesia {unknown}
 W - a scroll of silence {unknown}
Potions
 c - a potion of might
 f - 6 potions of lignification
 h - a potion of flight
 j - 3 potions of brilliance
 l - 3 potions of haste
 m - a potion of magic
 u - 3 potions of agility
Comestibles
 d - 29 rations
 r - 16 chunks of flesh


   Skills:
 + Level 9.3 Fighting
 * Level 10.1 Axes
 - Level 11.0 Dodging
 - Level 7.0 Stealth
 + Level 6.6 Shields
 - Level 1.4 Spellcasting
 + Level 8.7 Invocations


You had 10 spell levels left.
You knew the following spells:

 Your Spells              Type           Power        Failure   Level  Hunger
a - Sticks to Snakes      Tmut           #.......     43%         2    ###....
b - Beastly Appendage     Tmut           #.....       32%         1    #......


Dungeon Overview and Level Annotations

Branches:
Dungeon (13/15)            Temple (0/1) D:7            Lair (0/6) D:9
    Orc (0/2) D:12
 Vaults: D:13-14

Altars:
Cheibriados
Elyvilon
Fedhas
Kikubaaqudgha
Ru
Sif Muna
Vehumet
Xom
Yredelemnul
Beogh

Shops:
D:8 [[   D:11 [   D:12 [

Annotations:
D:6 iamserjio's ghost, novice OpFi
D:11 exclusion: 2 oklob plants
D:12 Josephine


Innate Abilities, Weirdness & Mutations

You cannot wear most types of armour.
You are very stealthy in the water. (Stealth+)
You are amphibious.
You can wear up to eight rings at the same time.
You can use your tentacles to constrict eight enemies at once.
Your skin changes colour to match your surroundings (Stealth+).
Your rubbery body absorbs attacks. (AC +1, EV +1)


Message History

There isn't anything to butcher here.
There isn't anything to butcher here.
Things that are here:
a ring mail; a halberd; a plate armour You see here a trident.
You see here a hand axe of chopping.
v - a hand axe of chopping The white ugly thing gurgles horribly!
You see here a falchion.
There is an open door, spattered with blood here.
Things that are here:
a dire flail; a chain mail; an orc corpse The white ugly thing kicks you.
The white ugly thing freezes you!
You completely miss the white ugly thing.
You grab the white ugly thing. You squeeze the white ugly thing!
The white ugly thing is lightly wounded.
You constrict the white ugly thing. The white ugly thing kicks you!
* * * LOW HITPOINT WARNING * * *
The white ugly thing freezes you!!
You die...

........(..# #. ######.####
## #)# ###.# #...# ######'###
######### #.......#
###.......# #.......#
##.u)......########
#.......###.@#)..)...'.....).
#.......'..)##)[)....########
#.......######.......#
#.......# #......_# #.......#
#.......# #.......# #.......#
####'#### #....$..# #.#
######[##### #.. #.....#


You could see a white ugly thing.

Vanquished Creatures
  Snorg (D:11)
  Harold (D:11)
  3 two-headed ogres
  Urug (D:11)
  Sonja (D:11)
  An unseen horror (D:11)
  Pikel (D:5)
  A deep elf mage (D:12)
  An ugly thing (D:11)
  A troll (D:10)
  A shadow (D:10)
  11 yaks
  4 wraiths (D:12)
  A wyvern (D:10)
  Sigmund (D:3)
  A vampire (D:9)
  5 vampire mosquitoes
  5 hungry ghosts
  The ghost of Nib the Sneak, an amateur OpAs (D:4)
  2 wargs (D:9)
  16 orc warriors
  3 sky beasts
  An ice beast (D:8)
  4 slaves (D:5)
  5 phantoms
  2 black bears (D:8)
  4 ogres
  2 centaurs
  3 big kobolds
  9 bullfrogs
  A wyvern skeleton (D:10)
  3 scorpions
  5 killer bees (D:11)
  9 wights
  2 howler monkeys
  5 crimson imps
  7 jellies
  A quasit (D:10)
  12 orc wizards
  15 orc priests
  2 bullfrog skeletons
  9 hounds
  An iguana (D:6)
  18 worker ants
  A hound skeleton (D:5)
  A worker ant zombie (D:11)
  8 adders
  A shadow imp (D:9)
  7 oozes
  3 adder skeletons
  3 worms
  3 dart slugs
  7 leopard geckos
  52 orcs
  3 giant cockroaches (D:3)
  3 goblins
  7 hobgoblins
  8 jackals
  3 quokkas
  2 ball pythons
  7 bats
  6 frilled lizards
  A jackal skeleton (D:6)
  18 kobolds
  8 rats
335 creatures vanquished.

Notes
Turn   | Place    | Note
-------+----------+-------------------------------------------
     0 | D:1      | iamserjio the Octopode Fighter began the quest for the Orb.
     0 | D:1      | Reached XP level 1. HP: 16/16 MP: 1/1
    28 | D:1      | Reached skill level 1 in Stealth
    81 | D:1      | Reached XP level 2. HP: 21/21 MP: 2/2
   173 | D:1      | Found a snail-covered altar of Cheibriados.
   416 | D:1      | Became a worshipper of Cheibriados the Contemplative
   475 | D:2      | Reached XP level 3. HP: 26/26 MP: 3/3
  1193 | D:3      | Found a basalt altar of Yredelemnul.
  1300 | D:3      | Reached * piety under Cheibriados
  1413 | D:3      | Reached XP level 4. HP: 31/31 MP: 4/4
  1690 | D:3      | Noticed Sigmund
  1700 | D:3      | Killed Sigmund
  1700 | D:3      | Reached skill level 4 in Dodging
  1700 | D:3      | Reached skill level 1 in Invocations
  1700 | D:3      | Reached XP level 5. HP: 21/37 MP: 4/6
  1923 | D:3      | Reached XP level 6. HP: 43/43 MP: 7/7
  2237 | D:3      | Found a deep blue altar of Sif Muna.
  2237 | D:3      | Found a sacrificial altar of Ru.
  2237 | D:3      | Found an ancient bone altar of Kikubaaqudgha.
  2283 | D:4      | Reached ** piety under Cheibriados
  2283 | D:4      | Reached skill level 5 in Stealth
  2306 | D:4      | Noticed Nib's ghost (amateur OpAs)
  2770 | D:5      | Entered Level 5 of the Dungeon
  3389 | D:4      | Found a blossoming altar of Fedhas.
  3465 | D:3      | Reached skill level 5 in Dodging
  3690 | D:3      | Reached XP level 7. HP: 38/48 MP: 5/8
  3760 | D:4      | Killed Nib's ghost
  4363 | D:5      | Reached skill level 6 in Dodging
  4366 | D:5      | Reached *** piety under Cheibriados
  4581 | D:5      | Noticed Pikel
  4586 | D:5      | Killed Pikel
  4586 | D:5      | Reached skill level 5 in Fighting
  4586 | D:5      | Reached skill level 7 in Dodging
  4586 | D:5      | Reached XP level 8. HP: 55/55 MP: 9/11
  5053 | D:6      | Noticed iamserjio's ghost (novice OpFi)
  5504 | D:6      | Reached skill level 5 in Invocations
  5587 | D:6      | Reached XP level 9. HP: 62/62 MP: 12/12
  5589 | D:6      | Found a shimmering altar of Xom.
  5590 | D:6      | Found a shimmering altar of Xom.
  5590 | D:6      | Found a shimmering altar of Xom.
  5590 | D:6      | Found a shimmering altar of Xom.
  5593 | D:6      | Found a shimmering altar of Xom.
  5613 | D:5      | Reached skill level 8 in Dodging
  6375 | D:6      | Reached **** piety under Cheibriados
  6601 | D:6      | Found a shimmering altar of Xom.
  7009 | D:7      | Found a staircase to the Ecumenical Temple.
  7189 | D:7      | Found a radiant altar of Vehumet.
  7726 | D:8      | Reached skill level 9 in Dodging
  7858 | D:8      | Found a white marble altar of Elyvilon.
  7928 | D:8      | Reached XP level 10. HP: 69/69 MP: 14/14
  7940 | D:8      | Reached ***** piety under Cheibriados
  7942 | D:8      | Reached skill level 5 in Axes
  8111 | D:8      | Found Jack's Antique Armour Shop.
  8189 | D:8      | Found Ichops's Armour Emporium.
  8849 | D:8      | Bought a +2 buckler for 198 gold pieces
  9217 | D:9      | Reached skill level 10 in Dodging
  9641 | D:10     | Entered Level 10 of the Dungeon
  9644 | D:10     | Got a shimmering quarterstaff
  9973 | D:9      | Reached XP level 11. HP: 71/76 MP: 13/16
 10121 | D:9      | Found a staircase to the Lair.
 10504 | D:10     | Noticed a two-headed ogre
 10512 | D:10     | Noticed a two-headed ogre
 10513 | D:10     | Killed a two-headed ogre
 10521 | D:10     | Killed a two-headed ogre
 10538 | D:10     | Paralysed by an orc wizard for 6 turns
 10548 | D:10     | Reached ****** piety under Cheibriados
 11003 | D:10     | Learned a level 2 spell: Sticks to Snakes
 11005 | D:10     | Learned a level 1 spell: Beastly Appendage
 11327 | D:11     | Noticed Snorg
 11340 | D:11     | Killed Snorg
 11340 | D:11     | Reached skill level 11 in Dodging
 11340 | D:11     | Reached skill level 5 in Shields
 11600 | D:12     | Found Geri's Armour Emporium.
 11600 | D:12     | Found a staircase to the Orcish Mines.
 11610 | D:12     | Noticed Josephine
 11673 | D:11     | Noticed Sonja
 11684 | D:11     | Killed Sonja
 11684 | D:11     | Reached skill level 1 in Spellcasting
 11698 | D:11     | Noticed a brown ugly thing
 11709 | D:11     | Killed a brown ugly thing
 11817 | D:11     | Noticed Harold
 11829 | D:11     | Killed Harold
 11940 | D:11     | Got an uncursed warped rapier {holy}
 11941 | D:11     | Identified the +0 rapier "Juam" {holy, +Inv rF- Int+5} (You took it off a kobold on level 11 of the Dungeon)
 12120 | D:11     | Noticed an unseen horror
 12125 | D:11     | Killed an unseen horror
 12140 | D:11     | Found Recaut's Antique Armour Shoppe.
 12145 | D:11     | Noticed a two-headed ogre
 12150 | D:11     | Killed a two-headed ogre
 12150 | D:11     | Reached XP level 12. HP: 83/84 MP: 16/18
 12168 | D:11     | Found a blossoming altar of Fedhas.
 12324 | D:11     | Noticed Urug
 12329 | D:11     | Killed Urug
 12606 | D:12     | Got a flickering copper amulet
 12972 | D:12     | Identified the amulet "Nonucame" {Gourm Str+4 Int-4 Dex+6} (You took it off a kobold on level 12 of the Dungeon)
 13560 | D:12     | Reached skill level 10 in Axes
 13641 | D:12     | Found a roughly hewn altar of Beogh.
 13678 | D:12     | Slain by a white ugly thing

Vault maps used:
D:1:      saegor_arrival_simple_b, minmay_misc_feat_encased, cheibriados_altar_1
D:3:      lemuel_doored_altar, gammafunk_temple_overflow_forgotten, st_stairs_3,
          grunt_ministairs_8, uniq_sigmund
D:4:      lemuel_crystal_altar
D:5:      first_ration, uniq_pikel
D:6:      minivault_11, amethyst_killhole, xom_redecorated
D:7:      cheibrodos_two_vegetables, minmay_temple_entry_water_ring,
          david_defended_altar_elf
D:8:      elyvilon_altar_5, serial_shops, nicolae_shop_overgrown_old_shop, shop
D:9:      erik_lair_orcish_takeover, hangedman_little_slice_of_home
D:10:     minmay_wavy_crystal
D:11:     serial_shops, nicolae_shop_window_shopping, hangedman_tree_tricks,
          uniq_harold, uniq_sonja, uniq_snorg, uniq_urug
D:12:     orc_david_3, uniq_josephine
D:13:     erik_vaults_2, spider_trap

Skill      XL: |  1  2  3  4  5  6  7  8  9 10 11 12 |
---------------+-------------------------------------+-----
Stealth        | 1 2 3 4 5 6 7 |  7.0
Dodging        | 4 5 7 9 10 11 | 11.0
Invocations    | 1 2 4 5 6 8 |  8.7
Fighting       | 4 5 6 7 8 9 |  9.3
Axes           | 4 7 9 10 | 10.1
Shields        | 4 5 6 |  6.6
Spellcasting   | 1 |  1.4

Action                   |  1- 3 |  4- 6 |  7- 9 | 10-12 || total
-------------------------+-------+-------+-------+-------++-------
Melee: War axe           |    61 |    48 |   130 |   362 ||   601
       Constrict         |    24 |    13 |    36 |    81 ||   154
       Tentacles         |    15 |    13 |    66 |   136 ||   230
       Hand axe          |       |     7 |    88 |       ||    95
Throw: Stone             |       |       |     8 |    18 ||    26
Evoke: Wand              |       |       |       |     1 ||     1
  Use: Scroll            |       |     3 |     9 |    11 ||    23
       Potion            |       |     1 |     1 |     6 ||     8
 Stab: Sleeping          |    10 |    10 |    10 |     6 ||    36
       Distracted        |       |       |     3 |     6 ||     9
  Eat: Chunk             |     2 |     3 |     8 |    23 ||    36
Armor: Skin              |     2 |     2 |    29 |     1 ||    34
Dodge: Dodged            |    25 |    69 |   106 |   298 ||   498
Block: Shield            |    29 |    57 |    98 |    71 ||   255
       Buckler           |       |       |       |   126 ||   126

Table legend:
 A = Spawn XP
 B = Non-spawn XP
 C = Spawn XP percentage of total XP
 D = Spawn monster count
 E = Non-spawn monster count
 F = Spawn count percentage of total count
 G = Total turns spent on level
                    A         B        C        D         E        F      G
               +---------+---------+-------+---------+---------+-------+---------
         Total |       0 |   25463 |   0.0 |       0 |     331 |   0.0 | 13678
               +---------+---------+-------+---------+---------+-------+---------
           D:1 |       0 |      32 |   0.0 |       0 |      17 |   0.0 |   433
           D:2 |       0 |      31 |   0.0 |       0 |      15 |   0.0 |   732
           D:3 |       0 |     350 |   0.0 |       0 |      28 |   0.0 |  1991
           D:4 |       0 |     349 |   0.0 |       0 |      14 |   0.0 |   940
           D:5 |       0 |    1357 |   0.0 |       0 |      22 |   0.0 |  1457
           D:6 |       0 |    1264 |   0.0 |       0 |      29 |   0.0 |  1518
           D:7 |       0 |     532 |   0.0 |       0 |      12 |   0.0 |   648
           D:8 |       0 |    2059 |   0.0 |       0 |      27 |   0.0 |  1371
           D:9 |       0 |    2408 |   0.0 |       0 |      48 |   0.0 |  1141
          D:10 |       0 |    4454 |   0.0 |       0 |      29 |   0.0 |  1074
          D:11 |       0 |    7053 |   0.0 |       0 |      26 |   0.0 |  1231
          D:12 |       0 |    5574 |   0.0 |       0 |      64 |   0.0 |  1140
               +---------+---------+-------+---------+---------+-------+---------
